 Dungeon Crawl Stone Soup version 0.20-a0-301-g264e157 (webtiles) character file.

263 Hercules the Skirmisher (level 5, -1/44 HPs)
             Began as a Demonspawn Monk on Dec 16, 2016.
             Slain by a wight
             ... wielding a +5 trident
              (2 damage)
             ... on level 4 of the Dungeon.
             The game lasted 00:03:32 (2765 turns).

Hercules the Skirmisher (Demonspawn Monk)           Turns: 2765, Time: 00:03:33

Health: -1/44      AC:  9    Str: 12    XL:     5   Next: 98%
Magic:  5/5        EV: 21    Int: 13    God:
Gold:   221        SH:  0    Dex: 21    Spells: 4/4 levels left

rFire  . . .     SeeInvis .     l - +1 hand axe (elec)
rCold  . . .     Gourm    .     e - +0 leather armour {MR+}
rNeg   . . .     Faith    .     (no shield)
rPois  .         Spirit   .     g - +0 helmet
rElec  .         Reflect  .     (no cloak)
rCorr  .         Harm     .     (no gloves)
MR     +....                    a - +2 pair of boots {Stlth+}
Stlth  ++++......               (no amulet)
                                d - +2 ring of intelligence
                                j - +3 ring of evasion

@: agile, drained
A: iridescent scales 1, powered by pain 1
a: no special abilities


You were on level 4 of the Dungeon.
You were very hungry.

You visited 1 branch of the dungeon, and saw 4 of its levels.

You collected 221 gold pieces.

Inventory:

Hand Weapons
 k - a +0 hand axe of venom
 l - a +1 hand axe of electrocution (weapon)
Armour
 a - a +2 pair of boots of stealth (worn)
 e - a +0 leather armour of magic resistance (worn)
 g - a +0 helmet (worn)
Jewellery
 d - a +2 ring of intelligence (right hand)
 j - a +3 ring of evasion (left hand)
Wands
 n - a wand of slowing (28/48)
Scrolls
 h - a scroll of noise {unknown}
 m - a scroll of remove curse
 o - a scroll of blinking {unknown}
Potions
 i - a potion of cure mutation
Comestibles
 b - 2 bread rations
 f - a meat ration
 p - 4 fruits


   Skills:
 - Level 5.1(4.1) Fighting
 + Level 2.1(1.2) Armour
 + Level 3.5(2.5) Dodging
 - Level 1.7(0.8) Stealth
 - Level 3.3(2.3) Unarmed Combat


You had 4 spell levels left.
You didn't know any spells.

Dungeon Overview and Level Annotations

Branches:
Dungeon (4/15)
 Temple: D:4-7

Altars:


Innate Abilities, Weirdness & Mutations

You are partially covered in iridescent scales. (AC +2)
You sometimes gain a little power by taking damage.


Message History

a dagger; a robe; a great sword; a robe You closely miss the wight.
The wight completely misses you.
You hit the wight.
The wight is moderately damaged.
The wight hits you with an enchanted trident!
You completely miss the wight.
The wight is moderately damaged.
The wight hits you with an enchanted trident!
* * * LOW HITPOINT WARNING * * *
You feel drained.
* * * LOW HITPOINT WARNING * * *
You hit the wight.
The wight is heavily damaged.
The wight completely misses you.
You hit the wight.
The wight is heavily damaged.
The wight hits you with an enchanted trident!
* * * LOW HITPOINT WARNING * * *
You feel drained.
You die...

.. #.# ..# #.# #.# #
#.#.###.#
#.#######.#......
.....zz@.....# .#.# #
..#######.##.##.#.#.#
#.####.##.##.#.#.#
#.........##.....#
##.###.######.....####
.......................
.##.#...####.#.........
..................#...
##.#.######.#.....#.#.


You could see 2 wights.

Vanquished Creatures
  2 wights (D:4)
  An orc priest (D:3)
  An orc wizard (D:3)
  5 adders
  2 oozes
  4 dart slugs
  3 leopard geckos
  4 orcs (D:3)
  6 giant cockroaches
  7 goblins
  3 hobgoblins
  6 jackals
  6 kobolds
  A quokka (D:2)
  A ball python (D:1)
  A ball python skeleton (D:4)
  5 bats
  4 frilled lizards
  A jackal zombie (D:3)
  3 rats
66 creatures vanquished.

Notes
Turn   | Place    | Note
-------+----------+-------------------------------------------
     0 | D:1      | Hercules the Demonspawn Monk began the quest for the Orb.
     0 | D:1      | Reached XP level 1. HP: 18/18 MP: 1/1
    55 | D:1      | Gained mutation: You are partially covered in iridescent scales. (AC +2) [demonic ancestry]
    55 | D:1      | Reached XP level 2. HP: 24/24 MP: 2/2
   613 | D:1      | Reached XP level 3. HP: 28/29 MP: 3/3
   862 | D:2      | Reached skill level 4 in Fighting
  1154 | D:2      | Reached XP level 4. HP: 37/38 MP: 4/4
  1849 | D:3      | Reached skill level 5 in Fighting
  2289 | D:3      | Reached skill level 1 in Armour
  2289 | D:3      | Gained mutation: You sometimes gain a little power by taking damage. [demonic ancestry]
  2289 | D:3      | Reached XP level 5. HP: 21/44 MP: 5/5
  2750 | D:4      | HP: 2/44 [wight/great sword (10)]
  2765 | D:4      | HP: 1/44 [wight/enchanted trident (9)]
  2765 | D:4      | Slain by a wight

Vault maps used:
D:1:      minmay_arrival_split_and_join, minivault_14, roderic_three_in_a_row
D:2:      minmay_pentomino_q2
D:3:      first_bread, minmay_door_square

Skill      XL: |  1  2  3  4  5 |
---------------+----------------+-----
Unarmed Combat | 3 |  3.3
Fighting       | 4 5 |  5.1
Armour         | 1 2 |  2.1
Dodging        | 3 |  3.5
Stealth        | |  1.7

Action                   |  1- 3 |  4- 6 || total
-------------------------+-------+-------++-------
Melee: Unarmed           |   144 |    94 ||   238
       Punch             |     2 |     3 ||     5
       Hand axe          |       |    53 ||    53
  Use: Scroll            |     2 |     3 ||     5
       Potion            |     1 |     2 ||     3
 Stab: Sleeping          |     5 |     9 ||    14
  Eat: Chunk             |     1 |     4 ||     5
Armor: Robe              |    38 |       ||    38
       Leather armour    |       |    36 ||    36
Dodge: Dodged            |    96 |   130 ||   226
